 Dungeon Crawl Stone Soup version 0.17-a0-1651-gae1a69f (webtiles) character file.

1002 urechis the Ruffian (level 8, -1/83 HPs)
             Began as a Troll Monk on Aug 14, 2015.
             Killed from afar by an orc wizard (7 damage)
             ... with a puff of flame
             ... on level 6 of the Dungeon.
             The game lasted 00:05:41 (3372 turns).

urechis the Ruffian (Troll Monk)                    Turns: 3372, Time: 00:05:42

Health: -1/83      AC:  9    Str: 18    XL:     8   Next: 0%
Magic:  7/7        EV: 10    Int:  6    God:
Gold:   220        SH:  0    Dex: 14    Spells: 0 memorised, 7 levels left

rFire  . . .     SeeInvis .       - Unarmed
rCold  . . .     Clarity  .     w - +1 robe "Listrad" {+Fly rPois rCorr Str-2}
rNeg   . . .     SustAt   .     (no shield)
rPois  +         Gourm    +     (helmet restricted)
rElec  .         Spirit   .     (no cloak)
rCorr  +         Warding  .     (gloves unavailable)
rMut   .         Stasis   .     (boots unavailable)
MR     .....                    (no amulet)
Stlth  ++........               j - +3 ring of protection
                                f - ring of poison resistance

@: not resistant to hostile enchantments, unstealthy
A: unfitting armour, claws 3, fast metabolism 3, gourmand, regeneration 2,
shaggy fur 1, tough skin 2
a: Evoke Flight


You were on level 6 of the Dungeon.
You were full.

You visited 1 branch of the dungeon, and saw 6 of its levels.

You collected 220 gold pieces.

Inventory:

Armour
 w - the +1 robe "Listrad" (worn) {+Fly rPois rCorr Str-2}
   (You found it on level 4 of the Dungeon)

   It affects your strength (-2).
   It protects you from poison.
   It lets you fly.
   It protects you from acid and corrosion.
Jewellery
 f - a ring of poison resistance (left claw)
 j - a +3 ring of protection (right claw)
Scrolls
 c - 3 scrolls of identify {unknown}
 g - 3 scrolls of remove curse {unknown}
 i - 2 scrolls of magic mapping {unknown}
 l - 2 scrolls of immolation {unknown}
 n - a scroll of noise {unknown}
 p - 2 scrolls of teleportation {unknown}
 v - a scroll of enchant weapon {unknown}
Potions
 e - a potion of heal wounds {unknown}
 h - a potion of curing {unknown}
 m - 4 potions of poison {unknown}
 o - a potion of cancellation {unknown}
 q - a potion of mutation {unknown}
 r - a potion of resistance {unknown}
 s - a potion of degeneration {unknown}
 t - a potion of haste {unknown}
Comestibles
 a - a beef jerky
 b - 6 bread rations
 d - 2 slices of pizza
 k - a royal jelly


   Skills:
 + Level 5.8 Fighting
 - Level 2.4 Dodging
 - Level 1.1 Stealth
 + Level 7.9 Unarmed Combat


You had 7 spell levels left.
You didn't know any spells.

Dungeon Overview and Level Annotations

Branches:
Dungeon (7/15)             Temple (0/1) D:4

Altars:
Ashenzari
Dithmenos
Zin

Shops:
D:7 [


Innate Abilities, Weirdness & Mutations

You are too large for most types of armour.
You have claws for hands.
Your metabolism is lightning-fast.
You like to eat raw meat.
You heal very quickly.
You are covered in fur (AC +1).
You have very tough skin (AC +2).


Message History

The orc closely misses you. The orc warrior completely misses you.
You scratch the orc wizard.
The orc wizard is severely wounded.
The orc wizard hits you with a dagger.
* * * LOW HITPOINT WARNING * * *
The orc closely misses you. The orc barely misses you.
The orc wizard miscasts a cantrip.
You scratch the orc.
The orc is heavily wounded.
The orc wizard points at you and mumbles some strange words.
The puff of frost hits you!
* * * LOW HITPOINT WARNING * * *
The orc barely misses you.
The orc wizard hits you but does no damage.
The orc warrior hits you but does no damage.
The orc barely misses you.
The orc warrior hits you but does no damage.
The orc wizard casts a spell at you. The puff of flame hits you!
You die...

..## ...## ...# #...# #
...# #...# . ...####
#...#### !# ......#
#...... .#
.####.####....####.#
#####)........o...?#####
##...........oo.........
##.##.........o.@..###.
##.##.###........<.#
......# #....#.###....
...#### #....#.# ####..
#.## #....#.# #.#
....?...# #.# ##########
#.# #.#


You could see an orc warrior, an orc wizard and 2 orcs.

Vanquished Creatures
  The ghost of kae the Firebug, an average TeFE (D:4)
  Menkaure (D:4)
  A phantom (D:4)
  4 scorpions
  2 hounds
  Ijyb (D:3)
  3 iguanas (D:4)
  2 orc priests
  A worker ant (D:4)
  Robin (D:3)
  4 gnolls (D:4)
  6 adders
  An adder skeleton (D:4)
  3 giant geckos
  5 orcs (D:3)
  14 goblins
  9 hobgoblins
  A quokka (D:3)
  2 ball pythons
  8 bats
  5 giant newts
  4 kobolds
  12 rats
91 creatures vanquished.

Notes
Turn   | Place    | Note
--------------------------------------------------------------
     0 | D:1      | urechis the Troll Monk began the quest for the Orb.
     0 | D:1      | Reached XP level 1. HP: 22/22 MP: 0/0
   403 | D:1      | Reached XP level 2. HP: 29/29 MP: 1/1
   762 | D:2      | Reached XP level 3. HP: 36/36 MP: 2/2
  1034 | D:2      | Found a shadowy altar of Dithmenos.
  1403 | D:3      | Found a glowing silver altar of Zin.
  1591 | D:3      | Reached skill level 5 in Unarmed Combat
  1591 | D:3      | Reached XP level 4. HP: 45/45 MP: 3/3
  1687 | D:3      | Noticed Robin
  1712 | D:3      | Killed Robin
  1859 | D:3      | Noticed Ijyb
  1871 | D:3      | Killed Ijyb
  1871 | D:3      | Reached XP level 5. HP: 48/54 MP: 4/4
  2405 | D:4      | Found a staircase to the Ecumenical Temple.
  2524 | D:4      | Reached skill level 6 in Unarmed Combat
  2530 | D:4      | Reached XP level 6. HP: 25/62 MP: 5/5
  2658 | D:4      | Noticed a phantom
  2678 | D:4      | Killed a phantom
  2883 | D:4      | Noticed kae's ghost (average TeFE)
  2896 | D:4      | Killed kae's ghost
  2896 | D:4      | Reached skill level 5 in Fighting
  2896 | D:4      | Reached XP level 7. HP: 42/72 MP: 6/6
  2954 | D:4      | Reached skill level 7 in Unarmed Combat
  3089 | D:4      | Noticed Menkaure
  3097 | D:4      | Killed Menkaure
  3108 | D:4      | Got a slimy robe
  3119 | D:4      | Identified the +1 robe "Listrad" {+Fly rPois rCorr Str-2} (You found it on level 4 of the Dungeon)
  3169 | D:4      | You fall through a shaft for 3 floors!
  3169 | D:7      | Found a shattered altar of Ashenzari.
  3236 | D:7      | Found Kythophonn's Armour Shop.
  3363 | D:6      | Reached XP level 8. HP: 30/83 MP: 7/7
  3367 | D:6      | HP: 3/83 [orc wizard/puff of frost (10)]
  3372 | D:6      | Killed from afar by an orc wizard

Vault maps used:
D:1:      dpeg_arrival_castle, fountainhead
D:2:      grunt_dithmenos_smoke, first_bread
D:3:      old_standard_altar, nrook_loot_triangle, uniq_iyjb, uniq_robin
D:4:      temple_doors_b, minmay_bad_closet, grunt_ministairs_10, uniq_menkaure
D:6:      serial_shops, nicolae_shop_crystal, uniq_duvessa, uniq_prince_ribbit1
D:7:      grunt_temple_overflow_open, serial_shops, shop, nicolae_shop_trees,
          wad_floor_pattern_untrapped, cheibrodos_ashenzari_chains

Action                   |  1- 3 |  4- 6 |  7- 9 || total
-------------------------+-------+-------+-------++-------
Melee: Unarmed           |    92 |   117 |    49 ||   258
 Stab: Distracted        |     1 |       |       ||     1
       Sleeping          |     4 |     1 |     1 ||     6
  Eat: Chunk             |    13 |    16 |     4 ||    33
